 Dungeon Crawl Stone Soup version 0.29-a0-330-g52719c12eb (webtiles) character file.

Game seed: 5115300551635604362

80 kae the Firebug (level 4, -5/24 HPs)
             Began as a Tengu Fire Elementalist on Apr 14, 2022.
             Killed by divine providence
             ... invoked by an orc priest
              (17 damage)
             ... on level 2 of the Dungeon.
             The game lasted 00:01:44 (3201 turns).

kae the Firebug (Tengu Fire Elementalist)           Turns: 3201, Time: 00:01:44

Health: -5/24      AC:  6    Str:  8    XL:     4   Next: 39%
Magic:  0/8        EV: 11    Int: 18    God:
Gold:   122        SH:  0    Dex: 14    Spells: 2/8 levels left

rFire   . . .      SeeInvis .   l - +1 dagger (freeze)
rCold   . . .      Faith    .   (no shield)
rNeg    . . .      Spirit   .   o - +2 leather armour {Will+}
rPois   .          Reflect  .   (helmet restricted)
rElec   .          Harm     .   k - +0 cloak
rCorr   .          Rampage  .   (no gloves)
Will    +....                   (boots unavailable)
Stlth   ++........              c - amulet of the acrobat
HPRegen 0.08/turn               (no ring)
MPRegen 0.11/turn               (no ring)

@: no status effects
A: beak, talons 3
a: no special abilities


You were on level 2 of the Dungeon.
You visited 1 branch of the dungeon, and saw 3 of its levels.

You collected 122 gold pieces.

Inventory:

Hand Weapons
 l - a +1 dagger of freezing (weapon)
Missiles
 n - a throwing net
Armour
 a - a +0 robe
 k - a +0 cloak (worn)
 o - a +2 leather armour of willpower (worn)
Jewellery
 c - an amulet of the acrobat (around neck)
 r - an amulet of faith
Scrolls
 i - a scroll of enchant armour
 m - 2 scrolls of identify
Potions
 b - a potion of magic
 f - a potion of lignification
 j - a potion of heal wounds {unknown}


   Skills:
 + Level 0.9 Armour
 - Level 2.1 Dodging
 - Level 2.0 Stealth
 + Level 2.6 Spellcasting
 + Level 2.7 Conjurations
 * Level 4.5 Fire Magic


You had 2 spell levels left.
You knew the following spells:

 Your Spells              Type           Power      Damage    Failure   Level
a - Foxfire               Conj/Fire      60%        2x1d7     5%          1
b - Scorch                Fire           36%        2d7       6%          2
c - Conjure Flame         Conj/Fire      15%        6-21      16%         3

Your spell library contained the following spells:

 Spells                   Type           Power      Damage    Failure   Level
 Inner Flame              Hex/Fire       10%        N/A       28%         3
 Flame Wave               Conj/Fire      15%        2d6       47%         4


Dungeon Overview and Level Annotations

Branches:
Dungeon (3/15)

Altars:
Nemelex Xobeh


Innate Abilities, Weirdness & Mutations

You have a beak for a mouth.
You have claws for feet.


Message History

The orc priest shouts! x2
The orc priest hits you with a +0 flail.
There is a stone staircase leading up here.
The orc misses you. The orc closely misses you.
The orc priest barely misses you.
You climb upwards.
There is a stone staircase leading down here.
Casting: Foxfire (safe; 5% risk of failure)
Confirm with . or Enter, or press ? or * to list all spells.
Flames lash the orc.
The orc is heavily wounded.
The orc's fire resistance burns away.
The orc hits you but does no damage. The orc closely misses you.
The orc priest barely misses you. The orc closely misses you.
The orc misses you. The orc priest misses you.
Casting: Scorch (safe; 6% risk of failure)
Confirm with . or Enter, or press ? or * to list all spells.
Flames lash the orc.
The orc is severely wounded.
The orc's fire resistance burns away.
The orc hits you with a +0 flail. The orc completely misses you.
The orc priest hits you with a +0 flail.
The orc completely misses you. The orc misses you.
The orc priest invokes the aid of Beogh against you.
You resist with some effort.
Casting: Scorch (safe; 6% risk of failure)
Confirm with . or Enter, or press ? or * to list all spells.
Flames lash the orc.
The orc is burned terribly!
You kill the orc!
The orc is no longer more vulnerable to fire.
The orc hits you but does no damage. The orc priest barely misses you.
The orc hits you with a +0 short sword.
The orc priest begins to cast a cantrip, but forgets the words!
Casting: Scorch (safe; 6% risk of failure)
Confirm with . or Enter, or press ? or * to list all spells.
Flames lash the orc.
You kill the orc!
The orc priest mumbles some strange prayers to Beogh against you.
Beogh smites you!
Ouch! That really hurt!
You die...

#.........#...#.#
#.........#.#.#.#
#######'#.#.#...#
#.#.#.##..#
########.#.#.##..#
.........#'#.##..#
##...........##..#
##...........##).########
##...........##[@.......#
##...........##.o)......#
##...........##.........#
##...........##.........#
##...........##.........#
##...........###'########
##...........# #.#
##...........# #.#
...........#.# #.#


You could see an orc priest.

Vanquished Creatures
  An orc wizard (D:3)
  An adder (D:3)
  4 orcs
  5 ball pythons
  A bat (D:1)
  4 endoplasms
  3 giant cockroaches (D:2)
  7 goblins
  5 hobgoblins
  A quokka (D:2)
  6 frilled lizards
  3 rats
41 creatures vanquished.

Vanquished Creatures (others)
  150 foxfires
150 creatures vanquished.

Grand Total: 191 creatures vanquished

Notes
Turn   | Place    | Note
-------+----------+-------------------------------------------
     0 | D:1      | kae the Tengu Fire Elementalist began the quest for the
                  | Orb.
     0 | D:1      | Reached XP level 1. HP: 10/10 MP: 4/4
   404 | D:1      | Reached XP level 2. HP: 15/15 MP: 4/6
  1481 | D:2      | Found a sparkling altar of Nemelex Xobeh.
  1509 | D:2      | Reached skill level 4 in Fire Magic
  1509 | D:2      | Reached XP level 3. HP: 19/19 MP: 5/7
  1988 | D:2      | Found a faded altar of an unknown god.
  2525 | D:3      | Learned a level 2 spell: Scorch
  2529 | D:3      | Learned a level 3 spell: Conjure Flame
  2648 | D:3      | Reached XP level 4. HP: 17/24 MP: 3/8
  3042 | D:3      | Noticed a kobold brigand
  3201 | D:2      | Killed from afar by an orc priest

Illustrated notes

Levels and vault maps discovered:
D:1:      scummos_arrival_forest, layout_basic
D:2:      layout_basic, shapermc_ecumenical_altar_mp_vishouse, basic_altar
D:3:      layout_rooms, mainiacjoe_overflow_big_doors,
          hangedman_abyss_or_decor_lesser_grid, dreamdust_princess_bridge

Skill      XL: |  1  2 |
---------------+-------+-----
Conjurations   | 2 |  2.7
Fire Magic     | 4 |  4.5
Armour         | |  0.9
Dodging        | |  2.1
Stealth        | |  2.0
Spellcasting   | |  2.6

Action                   |  1- 3 |  4- 6 || total
-------------------------+-------+-------++-------
Melee: Unarmed           |     7 |       ||     7
       Peck              |     2 |       ||     2
       Dagger            |     1 |       ||     1
 Cast: Foxfire           |    74 |    14 ||    88
       Scorch            |       |     4 ||     4
  Use: Scroll            |     8 |       ||     8
Armor: Robe              |     6 |       ||     6
       Leather armour    |     2 |     5 ||     7
Dodge: Dodged            |    24 |    23 ||    47

Table legend: (Time is in decaauts)
 A = Elapsed time spent in this place.
 B = Non-inter-level travel time spent in this place.
 C = Inter-level travel time spent in this place.
 D = Time resting spent in this place.
 E = Time spent auto-exploring this place.
 F = Levels seen in this place.
 G = Mean time per level.
                   A        B        C        D        E       F      G
               +--------+--------+--------+--------+--------+-----+--------+
         Total |   3203 |   3046 |    157 |    290 |   2362 |   3 | 1067.7 |
       Dungeon |   3203 |   3046 |    157 |    290 |   2362 |   3 | 1067.7 |
               +--------+--------+--------+--------+--------+-----+--------+

Top non-repeatable levels by time:
     D:2: 1665 daAuts
     D:1: 1220 daAuts
     D:3: 317 daAuts
